 Dungeon Sprint DCSS version 0.31-a0-844-gdc52ec4e09 (webtiles) character file.

Game seed: 13329263571629130190

2678 sircluck the Grappler (level 9, -7/157 HPs)
             Began as a Troll Berserker on Sept 28, 2023.
             Was a High Priest of Trog.
             Mangled by a lindwurm (8 damage)
             ... in the Dungeon (Sprint VII: "The Pits").
             The game lasted 00:02:17 (962 turns).

sircluck the Grappler (Troll Berserker)              Turns: 962, Time: 00:02:18

Health: -7/157     AC:  6    Str: 31      XL:     9   Next: 37%
Magic:  8/8        EV: 12    Int:  2 (3)  God:    Trog [*****.]
Gold:   0          SH:  0    Dex:  9      Spells: 8/8 levels left

rFire   . .          .
                       - Unarmed
rCold   . . .        (no shield)
rNeg    . . .        a - +0 animal skin
rPois   .            k - +2 hat {Will+}
rElec   .            (no cloak)
rCorr   .            (gloves unavailable)
SInv    .            (boots unavailable)
Will    +....        (no amulet) Stlth
                     (no ring)
HPRegen 1.26/turn    (no ring)
MPRegen 0.11/turn

%: no teleportation
@: berserking (expiring), slowed
A: large, unfitting armour, claws 3, regeneration 1, shaggy fur 1, tough skin 1
a: Renounce Religion, Berserk, Trog's Hand, Brothers in Arms


You were in the Dungeon.
You worshipped Trog.
Trog was extremely pleased with you.
You visited 1 branch

Inventory:

Armour
 a - a +0 animal skin (worn)
 k - a +2 hat of willpower (worn)
Scrolls
 g - a scroll of blinking
 i - 2 scrolls of vulnerability
 j - a scroll of summoning
Potions
 b - 6 potions of curing
 c - 6 potions of heal wounds
 d - a potion of haste
 e - 4 potions of magic
 f - 3 potions of berserk rage
 h - 2 potions of invisibility


   Skills:
 + Level 11.1 Fighting
 + Level 11.0 Dodging
 + Level 12.9 Unarmed Combat


You had 8 spell levels left.
You didn't know any spells.
Your spell library was empty.

Dungeon Overview and Level Annotations

Branches:
Dungeon (1/1)

Altars:
Ashenzari
Cheibriados
Dithmenos
Elyvilon
Fedhas
Gozag
Hepliaklqana
Kikubaaqudgha
Makhleb
Nemelex Xobeh
Okawaru
Qazlal
Ru
Sif Muna
Trog
Uskayaw
Vehumet
Wu Jian
Xom
Yredelemnul
Zin
The Shining One
Jiyva
Lugonu


Innate Abilities, Weirdness & Mutations

You are too large for most types of armour.
You have claws for hands.
Your natural rate of healing is unusually fast.
You are covered in fur. (AC +1)
You have tough skin. (AC +1)


Message History

Done waiting.
You start waiting.
Done waiting.
A lindwurm comes into view.
The lindwurm roars!
An eidolon comes into view.
The eidolon gives a chilling moan.
The lindwurm breathes flames at you. The blast of flame hits you!!!
A red film seems to cover your vision as you go berserk!
You feel yourself moving faster!
You feel mighty!
You feel a strong urge to attack something.
The eidolon gestures.
The eidolon radiates an aura of fear!
You resist with some effort. The lindwurm barely misses you.
The lindwurm claws you but does no damage. x2
You mangle the lindwurm!!
The lindwurm is moderately wounded.
You closely miss the lindwurm.
The lindwurm is moderately wounded.
The lindwurm bites you! The lindwurm claws you. The lindwurm barely misses you.
You barely miss the lindwurm.
The lindwurm is moderately wounded.
You mangle the lindwurm!!
The lindwurm is severely wounded.
The eidolon hits you!! The eidolon drains your vigour!
You feel yourself slow down. The eidolon completely misses you.
The lindwurm breathes flames at you. The blast of flame hits you!!!
* * * LOW HITPOINT WARNING * * *
You scratch the lindwurm.
The lindwurm is almost dead.
The eidolon hits you!
* * * LOW HITPOINT WARNING * * *
The eidolon hits you!
* * * LOW HITPOINT WARNING * * *
You feel dopey.
The lindwurm bites you but does no damage.
The lindwurm claws you!
You die...

#++##########
#.....W......
#....@k......
#..##########
#..# #..# ###
#..# ..# #..#
..# #..# ..#
#..#
..##########..#


You could see an eidolon and a lindwurm (catching breath).

Vanquished Creatures
  Gastronok (D)
  An alligator snapping turtle (D)
  A komodo dragon (D)
  2 floating eyes (D)
  An ice beast (D)
  An ufetubus (D)
  An orc (D)
  5 jackals (D)
  A kobold (D)
  A quokka (D)
  A ball python skeleton (D)
16 creatures vanquished.

Vanquished Creatures (collateral kills)
  A shadow wraith (D)
1 creature vanquished.

Grand Total: 17 creatures vanquished

Notes
Turn   | Place    | Note
-------+----------+-------------------------------------------
     0 | D        | sircluck the Troll Berserker began the quest for the Orb.
     0 | D        | Reached XP level 1. HP: 22/22 MP: 0/0
    11 | D        | Noticed a floating eye
    14 | D        | Killed a floating eye
    15 | D        | Reached skill level 5 in Fighting
    15 | D        | Reached skill level 5 in Unarmed Combat
    15 | D        | Reached XP level 2. HP: 35/35 MP: 1/1
    15 | D        | Reached XP level 3. HP: 42/42 MP: 2/2
    15 | D        | Reached XP level 4. HP: 50/50 MP: 3/3
    18 | D        | Found a bloodstained altar of Trog.
    18 | D        | Found a shimmering blue altar of Sif Muna.
    18 | D        | Found a viscous altar of Jiyva.
    18 | D        | Found a hazy altar of Hepliaklqana.
    18 | D        | Found an opulent altar of Gozag.
    19 | D        | Found a glowing golden altar of the Shining One.
    19 | D        | Found a glowing silver altar of Zin.
    19 | D        | Found a basalt altar of Yredelemnul.
    19 | D        | Found a shimmering altar of Xom.
    19 | D        | Found an ornate altar of the Wu Jian Council.
    19 | D        | Found a sacrificial altar of Ru.
    19 | D        | Found a stormy altar of Qazlal.
    19 | D        | Found an iron altar of Okawaru.
    19 | D        | Found a sparkling altar of Nemelex Xobeh.
    19 | D        | Found a burning altar of Makhleb.
    19 | D        | Found a blossoming altar of Fedhas.
    19 | D        | Found a white marble altar of Elyvilon.
    19 | D        | Found a shadowy altar of Dithmenos.
    19 | D        | Found a snail-covered altar of Cheibriados.
    21 | D        | Found a radiant altar of Vehumet.
    21 | D        | Found a corrupted altar of Lugonu.
    22 | D        | Found a hide-covered altar of Uskayaw.
    22 | D        | Found an ancient bone altar of Kikubaaqudgha.
    22 | D        | Found a broken altar of Ashenzari.
    64 | D        | Reached skill level 5 in Dodging
    64 | D        | Reached skill level 6 in Unarmed Combat
    77 | D        | Reached ** piety under Trog
    89 | D        | Noticed a floating eye
    91 | D        | Paralysed by a floating eye for 3 turns
   100 | D        | Reached *** piety under Trog
   103 | D        | Paralysed by a floating eye for 4 turns
   114 | D        | Killed a floating eye
   114 | D        | Reached **** piety under Trog
   115 | D        | Reached skill level 7 in Unarmed Combat
   115 | D        | Reached XP level 5. HP: 59/59 MP: 4/4
   178 | D        | Noticed an ice beast
   207 | D        | Killed an ice beast
   208 | D        | Reached skill level 8 in Unarmed Combat
   208 | D        | Reached XP level 6. HP: 68/68 MP: 5/5
   257 | D        | Noticed a komodo dragon
   297 | D        | Killed a komodo dragon
   298 | D        | Reached skill level 9 in Unarmed Combat
   298 | D        | Reached XP level 7. HP: 14/79 MP: 6/6
   398 | D        | Noticed an alligator snapping turtle
   398 | D        | Noticed Gastronok
   403 | D        | Killed a shadow wraith
   404 | D        | Reached skill level 10 in Unarmed Combat
   404 | D        | Reached XP level 8. HP: 92/92 MP: 7/7
   418 | D        | Killed an alligator snapping turtle
   419 | D        | Reached skill level 10 in Fighting
   419 | D        | Reached skill level 11 in Unarmed Combat
   475 | D        | Killed Gastronok
   475 | D        | Reached ***** piety under Trog
   476 | D        | Reached skill level 12 in Unarmed Combat
   476 | D        | Reached XP level 9. HP: 35/105 MP: 8/8
   953 | D        | Noticed a lindwurm
   954 | D        | Noticed an eidolon
   962 | D        | HP: 1/157 [eidolon (11)]
   962 | D        | Mangled by a lindwurm

Illustrated notes

Levels and vault maps discovered:
D:        pitsprint [storerooms_1, entrance_room_1, metal_vault_8, armoury_3,
          mini_pit_1, grid_room_1, main_hall_1, silver_pit, the_coven_3,
          the_vestibule_1, steel_vault_3, golden_pit, hallway_of_sentries,
          crystal_vault_4, iron_vault_1, final_vault]

Skill      XL: |  1  2  3  4  5  6  7  8 |
---------------+-------------------------+-----
Fighting       | 5 6 7 9 11 | 11.1
Dodging        | 4 6 7 9 11 | 11.0
Unarmed Combat | 5 7 8 9 10 12 | 12.9

Action                     |  1- 3 |  4- 6 |  7- 9 || total
---------------------------+-------+-------+-------++-------
  Melee: Unarmed           |     1 |    41 |    18 ||    60
         Punch             |       |     1 |       ||     1
 Invoke: Berserk           |       |     1 |     2 ||     3
         Brothers in Arms  |       |       |     1 ||     1
   Stab: Sleeping          |     1 |       |       ||     1
 Armour: Animal skin       |       |    33 |    16 ||    49
  Dodge: Dodged            |       |    31 |     5 ||    36

Table legend: (Time is in decaauts)
 A = Elapsed time spent in this place.
 B = Non-inter-level travel time spent in this place.
 C = Inter-level travel time spent in this place.
 D = Time resting spent in this place.
 E = Time spent auto-exploring this place.
 F = Levels seen in this place.
 G = Mean time per level.
                   A        B        C        D        E       F      G
               +--------+--------+--------+--------+--------+-----+--------+
         Total |    967 |    929 |     38 |    598 |     36 |   1 |  967.0 |
       Dungeon |    967 |    929 |     38 |    598 |     36 |   1 |  967.0 |
               +--------+--------+--------+--------+--------+-----+--------+

Top non-repeatable levels by time:
       D: 967 daAuts
